 Dungeon Crawl Stone Soup version 0.31-a0-150-g89dc3ad700 (webtiles) character file.

Game seed: 12282320894368353589

138 qw the Shooter (level 5, -9/46 HPs)
             Began as a Minotaur Hunter on June 8, 2023.
             Mangled by Duvessa
             ... wielding a +0 short sword
              (13 damage)
             ... on level 4 of the Dungeon.
             The game lasted 00:01:01 (2214 turns).

qw the Shooter (Minotaur Hunter)                    Turns: 2214, Time: 00:01:01

Health: -9/46      AC:  8    Str: 15    XL:     5   Next: 1%
Magic:  4/4        EV: 11    Int:  6    God:
Gold:   189        SH:  0    Dex: 16    Spells: 4/4 levels left

rFire   + . .        Y - +0 shortbow
rCold   . . .        (shield currently unavailable)
rNeg    . . .        h - +0 ring mail
rPois   .            (helmet restricted)
rElec   .            j - +0 cloak
rCorr   .            (no gloves)
SInv    .            d - +1 pair of boots
Will    .....        (no amulet)
Stlth   +            l - ring of protection from fire
HPRegen 0.27/turn    (no ring)
MPRegen 0.09/turn

%: no passive effects
@: no status effects
A: horns 2, retaliatory headbutt
a: no special abilities


You were on level 4 of the Dungeon.
You visited 1 branch of the dungeon, and saw 4 of its levels.

You collected 189 gold pieces.


Innate Abilities, Weirdness & Mutations

You have a pair of horns on your head.
You reflexively headbutt those who attack you in melee.


   Skills:
 - Level 4.0 Fighting
 + Level 6.1 Ranged Weapons
 - Level 1.1 Armour
 - Level 2.1 Dodging
 - Level 0.7 Stealth


You had 4 spell levels left.
You didn't know any spells.
Your spell library was empty.

Inventory:

Hand Weapons
 Y - a +0 shortbow (weapon)
Armour
 d - a +1 pair of boots (worn)
 h - a +0 ring mail (worn)
 j - a +0 cloak (worn)
Jewellery
 l - a ring of protection from fire (left hand)
Scrolls
 a - a scroll of identify
Potions
 b - a potion of curing
 c - a potion of enlightenment {unknown}
 i - a potion of berserk rage {unknown}
 k - a potion of degeneration {unknown}

Dungeon Overview and Level Annotations

Branches:
Dungeon (4/15)
 Temple: D:4-7

Altars:

Shops:
D:1 [

Annotations:
D:4 Duvessa


Message History

Dowan blinks!
Something hits you. The hobgoblin barely misses you.
You shoot an arrow. The arrow closely misses the hobgoblin.
The hobgoblin misses you. Something hits you.
You shoot an arrow. The arrow hits the hobgoblin.
The hobgoblin is heavily wounded.
The hobgoblin hits you. Something hits you.
You shoot an arrow.
The arrow completely misses the hobgoblin.
The hobgoblin barely misses you. You furiously retaliate!
You headbutt the hobgoblin.
You kill the hobgoblin!
Something hits you but does no damage. Dowan gestures at you while chanting.
The puff of flame hits you. You resist.
You shoot an arrow. The arrow barely misses Dowan.
Something hits you but does no damage.
You shoot an arrow. The arrow hits Dowan!
Dowan is moderately wounded.
Something hits you. Something hits you but does no damage.
You shoot an arrow. The arrow closely misses Dowan.
Something hits you!
You shoot an arrow.
The arrow hits Dowan but does no damage.
Dowan is moderately wounded.
Dowan closely misses you. Something hits you but does no damage.
Dowan hits you but does no damage.
You shoot an arrow. The arrow barely misses Dowan.
Dowan hits you with a +0 dagger. Something hits you. Dowan closely misses you.
You shoot an arrow. The arrow closely misses Dowan.
Dowan hits you but does no damage. Something hits you. x2
Dowan hits you but does no damage.
You shoot an arrow. The arrow hits Dowan!
Dowan is severely wounded.
Dowan closely misses you. You furiously retaliate!
You headbutt Dowan. Something hits you.
You shoot an arrow. The arrow hits Dowan.
You kill Dowan!
Something screams in a voice full of rage, "No, no!"
Something hits you!
You die...

#.... #...
#... #...
####+#####..
...........#
.........{%#
.........)@#
.......>...#
...........#
...........#
########'####
............#
............#
............#
............#


There were no monsters in sight!

Vanquished Creatures
  Dowan (D:4)
  Terence (D:3)
  4 adders
  A worm (D:3)
  2 dart slugs
  An orc (D:3)
  8 ball pythons
  6 endoplasms
  4 giant cockroaches
  9 goblins
  11 hobgoblins
  5 kobolds
  2 quokkas (D:1)
  6 bats
  3 frilled lizards
  6 rats
70 creatures vanquished.

Notes
Turn   | Place    | Note
-------+----------+-------------------------------------------
     0 | D:1      | qw the Minotaur Hunter began the quest for the Orb.
     0 | D:1      | Reached XP level 1. HP: 18/18 MP: 0/0
     0 | D:1      | 0 ||| qw: Version: 0.2-a-119-g7aa9181
     0 | D:1      | 0 ||| qw: Game counter: 2871
     0 | D:1      | 0 ||| qw: Always use a shield: true
     0 | D:1      | 0 ||| qw: God list: Okawaru
     0 | D:1      | 0 ||| qw: Allow faded altars: false
     0 | D:1      | 0 ||| qw: Do Orc after D:15 true
     0 | D:1      | 0 ||| qw: Do second Lair branch before Depths: true
     0 | D:1      | 0 ||| qw: Lair rune preference: random
     0 | D:1      | 0 ||| qw: Plans: Normal
     0 | D:1      | 0 ||| PLANNING D:1-11
    61 | D:1      | Reached XP level 2. HP: 25/25 MP: 1/1
    69 | D:1      | Reached skill level 5 in Ranged Weapons
   153 | D:1      | Found Pocac Muss's Antique Armour Emporium.
   162 | D:1      | 162 ||| SHOPLISTING pair of gloves (117 gold, have 32).
   162 | D:1      | 162 ||| SHOPLISTING ring mail (104 gold, have 32).
   320 | D:1      | Reached skill level 3 in Fighting
   442 | D:1      | Reached XP level 3. HP: 31/31 MP: 2/2
   609 | D:1      | 609 ||| UPGRADING to +0 ring mail.
   619 | D:1      | 619 ||| DROPPING +0 leather armour.
   620 | D:1      | 620 ||| READING scroll labelled GARIJIGOTO.
   621 | D:1      | 621 ||| READING scroll labelled BOHAENWINA.
   622 | D:1      | 622 ||| READING scroll labelled QYTWUA VUNU.
   623 | D:1      | 623 ||| DRINKING 2 emerald potions.
   656 | D:1      | 656 ||| DROPPING scroll of butterflies.
   657 | D:1      | 657 ||| DROPPING potion of lignification.
   757 | D:2      | Reached skill level 1 in Armour
  1029 | D:2      | Reached XP level 4. HP: 38/38 MP: 3/3
  1116 | D:3      | Reached skill level 6 in Ranged Weapons
  1668 | D:3      | Noticed Terence
  1676 | D:3      | Killed Terence
  1969 | D:3      | 1969 ||| UPGRADING to +0 pair of boots.
  1974 | D:3      | 1974 ||| UPGRADING to +0 cloak.
  1979 | D:3      | 1979 ||| READING scroll of enchant armour.
  1979 | D:3      | 1979 ||| ENCHANTING +0 pair of boots.
  1980 | D:3      | 1980 ||| UPGRADING to ring of protection from fire.
  1981 | D:3      | 1981 ||| READING scroll labelled UFUPIAJOBA.
  1982 | D:3      | 1982 ||| READING 2 scrolls labelled LISEFAL WUAR.
  1985 | D:3      | 1985 ||| READING 2 scrolls of identify.
  1985 | D:3      | 1985 ||| IDENTIFYING lumpy orange potion
  2025 | D:4      | Noticed a scorpion
  2037 | D:4      | HP: 10/40 [poisoned by a scorpion]
  2038 | D:4      | 2038 ||| READING scroll of teleportation.
  2042 | D:4      | HP: 4/40 [poisoned by a scorpion]
  2114 | D:4      | Reached XP level 5. HP: 25/46 MP: 4/4
  2197 | D:4      | Noticed Dowan
  2197 | D:4      | Noticed Duvessa
  2212 | D:4      | HP: 10/46 [something (5)]
  2213 | D:4      | HP: 4/46 [something (6)]
  2214 | D:4      | Killed Dowan
  2214 | D:4      | Mangled by Duvessa

Levels and vault maps discovered:
D:1:      wander_arrival_desolate, layout_basic, serial_shops,
          nicolae_shop_advertising_works [nicolae_subvault_shop_adworks],
          st_stairs_13
D:2:      layout_rooms, wad_floor_pattern_2
D:3:      layout_loops_corners, uniq_terence
D:4:      layout_gridville, nicolae_wu_jian_immortal_techniques,
          nicolae_overflow_hallway_of_the_gods,
          minmay_temple_entry_proselytizer, uniq_edmund, uniq_robin,
          uniq_duvessa, uniq_menkaure

Skill      XL: |  1  2  3  4 |
---------------+-------------+-----
Ranged Weapons | 5 6 |  6.1
Fighting       | 3 4 |  4.0
Armour         | 1 |  1.1
Dodging        | |  2.1
Stealth        | |  0.7

Action                     |  1- 3 |  4- 6 || total
---------------------------+-------+-------++-------
   Fire: Shortbow          |   129 |   104 ||   233
    Use: Scroll            |     3 |     5 ||     8
         Potion            |     1 |       ||     1
 Armour: Leather armour    |     1 |       ||     1
         Ring mail         |     6 |    18 ||    24
  Dodge: Dodged            |    25 |    26 ||    51

Table legend:
 A = Non-vault XP
 B = Vault XP
 C = Vault XP percentage of total XP
 D = Non-vault monster count
 E = Vault monster count
 F = Vault count percentage of total count
                 A         B        C        D         E       F
            +---------+---------+-------+---------+---------+-------
      Total |     164 |     103 |  38.6 |      66 |       4 |   5.7
            +---------+---------+-------+---------+---------+-------
        D:1 |      41 |       2 |   4.7 |      25 |       2 |   7.4
        D:2 |      54 |       0 |   0.0 |      18 |       0 |   0.0
        D:3 |      52 |      32 |  38.1 |      20 |       1 |   4.8
        D:4 |      17 |      69 |  80.2 |       3 |       1 |  25.0
            +---------+---------+-------+---------+---------+-------
